Map: Ice and Chrome LE

Players

Asuna - Winner!

  • Race: Protoss Protoss
  • League: Master
  • Spawn Location: 1:00

PiLiPiLi

  • Race: Protoss Protoss
  • League: Grandmaster
  • Spawn Location: 7:00

Event: DreamHack SC2 Masters 2020 Fall

VOD

Have the link to the VOD?

Description

Time

  • Played on: Sept. 2, 2020, 5:51 p.m.
  • Length: 10:12

All games in this series

Show
View Real Time Build Order
Export as new Build Order

Asuna Protoss - Winner!

Build Orders: Phoenix Opening, Archon Immortal 

Get SALT Encoding   

  12  0:00  Probe  
  13  0:12  Probe  
  14  0:17  Pylon  
  14  0:24  Probe  
  15  0:36  Probe (Chrono Boost)  
  15  0:37  Gateway  
  16  0:46  Assimilator, Probe (Chrono Boost)  
  17  0:51  Probe (Chrono Boost)  
  17  0:54  Assimilator  
  18  1:03  Probe (Chrono Boost)  
  19  1:07  Gateway  
  19  1:13  Probe (Chrono Boost)  
  19  1:18  Probe (Chrono Boost)  
  20  1:24  Cybernetics Core  
  21  1:29  Probe  
  21  1:31  Pylon  
  22  1:41  Probe  
  23  1:53  Probe  
  24  2:00  Stalker (Chrono Boost)  
  26  2:13  Probe  
  26  2:15  Pylon  
  27  2:17  Stargate  
  27  2:18  Pylon  
  27  2:21  Warp Gate  
  27  2:23  Stalker (Chrono Boost)  
  29  2:42  Nexus  
  29  2:50  Shield Battery  
  29  2:56  Probe  
  30  3:01  Phoenix (Chrono Boost)  
  32  3:21  Pylon, Stalker  
  32  3:24  Phoenix (Chrono Boost)  
  36  3:37  Probe  
  37  3:43  Phoenix (Chrono Boost)  
  39  3:49  Probe  
  40  3:57  Robotics Facility  
  40  3:59  Probe  
  40  4:01  Probe  
  42  4:08  Phoenix (Chrono Boost)  
  42  4:11  Probe (Chrono Boost)  
  42  4:16  Probe (Chrono Boost)  
  46  4:23  Probe (Chrono Boost)  
  47  4:30  Probe x2 (Chrono Boost)  
  49  4:32  Phoenix  
  49  4:38  Probe  
  52  4:46  Probe  
  52  4:50  Assimilator, Probe  
  52  4:51  Immortal (Chrono Boost), Pylon  
  58  4:58  Probe  
  59  5:04  Gateway  
  59  5:05  Probe  
  60  5:11  Probe  
  61  5:17  Probe  
  61  5:20  Phoenix  
  64  5:23  Pylon, Probe  
  64  5:28  Immortal (Chrono Boost)  
  69  5:31  Pylon  
  69  5:44  Pylon  
  69  5:45  Phoenix  
  71  5:51  Gateway  
  71  5:54  Gateway  
  71  5:59  Immortal (Chrono Boost)  
  71  6:01  Sentry  
  77  6:15  Probe x2  
  77  6:17  Assimilator  
  79  6:20  Phoenix, Pylon  
  81  6:30  Observer (Chrono Boost)  
  81  6:38  Forge  
  81  6:39  Twilight Council  
  81  6:43  Zealot x2  
  81  6:44  Probe x2  
  87  6:49  Immortal  
  91  6:55  Pylon  
  91  6:56  Probe  
  92  7:03  Phoenix  
  94  7:08  Pylon  
  94  7:11  Pylon  
  94  7:16  Charge (Chrono Boost)  
  94  7:18  Protoss Ground Weapons Level 1 (Chrono Boost)  
  94  7:27  Gateway  
  94  7:28  Zealot  
  96  7:31  Gateway  
  96  7:33  Photon Cannon  
  96  7:34  Pylon  
  96  7:43  Immortal  
  100  7:50  Templar Archives  
  100  7:59  Pylon  
  100  8:12  Nexus  
  100  8:15  Pylon  
  100  8:19  Gateway  
  100  8:22  Gateway  
  100  8:27  Photon Cannon  
  100  8:29  Shield Battery, High Templar x2  
  100  8:33  Archon  
  104  8:37  High Templar  
  104  8:38  High Templar  
  108  8:43  Archon  
  108  8:48  Immortal (Chrono Boost)  
  112  8:57  Zealot  
  114  9:05  Zealot x2  
  118  9:13  Shield Battery  
  118  9:17  Zealot x2  
  118  9:20  Immortal  
  118  9:23  High Templar  
  128  9:29  Zealot x3, High Templar  
  136  9:34  Archon  
  126  9:46  Zealot  
  126  9:47  Zealot  
  126  9:51  Zealot x3  
  118  10:03  Zealot x2  
Show
View Real Time Build Order
Export as new Build Order

PiLiPiLi Protoss 

Build Orders: Blink Stalkers, Zealot Archon 

Get SALT Encoding   

  12  0:00  Probe  
  13  0:12  Probe  
  14  0:17  Pylon  
  14  0:25  Probe (Chrono Boost)  
  15  0:37  Gateway, Probe (Chrono Boost)  
  16  0:45  Probe (Chrono Boost)  
  16  0:46  Assimilator  
  17  0:51  Probe  
  17  0:54  Assimilator  
  18  1:03  Probe (Chrono Boost)  
  19  1:06  Gateway  
  19  1:15  Probe (Chrono Boost)  
  20  1:21  Probe (Chrono Boost)  
  20  1:24  Cybernetics Core  
  21  1:29  Probe  
  22  1:33  Pylon  
  22  1:41  Probe  
  23  1:53  Probe  
  24  2:00  Warp Gate  
  24  2:02  Stalker  
  24  2:03  Stalker  
  28  2:14  Pylon  
  28  2:23  Twilight Council  
  28  2:32  Probe  
  29  2:43  Nexus  
  29  2:47  Probe  
  30  2:56  Blink (Chrono Boost)  
  30  3:01  Probe  
  31  3:08  Shield Battery  
  31  3:12  Stalker  
  33  3:16  Probe  
  33  3:19  Sentry  
  36  3:26  Pylon  
  36  3:28  Probe  
  36  3:37  Shield Battery  
  36  3:41  Probe  
  37  3:51  Stalker  
  37  3:54  Probe  
  37  3:55  Probe  
  41  3:56  Sentry  
  43  4:06  Probe  
  43  4:07  Probe  
  45  4:10  Robotics Facility  
  45  4:18  Probe  
  45  4:19  Probe, Stalker  
  49  4:30  Gateway, Probe  
  50  4:31  Probe  
  50  4:42  Probe  
  50  4:44  Probe  
  52  4:46  Pylon  
  52  4:48  Assimilator  
  52  4:50  Assimilator  
  52  4:54  Probe  
  52  4:56  Probe  
  52  4:58  Adept x2  
  58  5:06  Probe (Chrono Boost)  
  56  5:11  Probe (Chrono Boost)  
  57  5:15  Observer  
  57  5:18  Probe (Chrono Boost)  
  60  5:23  Probe x2 (Chrono Boost)  
  60  5:24  Stalker x2  
  60  5:27  Charge  
  65  5:32  Probe  
  65  5:33  Probe  
  65  5:35  Pylon  
  63  5:44  Probe  
  63  5:46  Templar Archives  
  63  5:49  Gateway  
  64  5:52  Gateway  
  64  5:53  Probe  
  65  6:05  Forge, Probe  
  65  6:07  Probe  
  67  6:17  Immortal  
  71  6:20  Pylon  
  71  6:22  High Templar x2  
  71  6:24  Zealot  
  77  6:26  Archon  
  77  6:32  Protoss Ground Weapons Level 1 (Chrono Boost)  
  77  6:45  Photon Cannon  
  77  6:47  Photon Cannon  
  77  6:48  High Templar  
  77  6:49  Zealot, High Templar  
  77  6:54  Archon  
  83  7:01  Probe  
  83  7:02  Probe  
  83  7:04  Gateway x2  
  85  7:11  Nexus  
  85  7:14  Probe  
  82  7:17  Probe  
  79  7:24  Zealot, High Templar x2  
  79  7:26  Probe  
  79  7:28  Pylon x2  
  86  7:30  Archon  
  86  7:46  High Templar, Probe  
  86  7:47  High Templar  
  86  7:48  Shield Battery  
  91  7:51  Archon  
  91  7:52  Zealot  
  91  7:57  Probe  
  94  8:01  Probe  
  86  8:13  Zealot x2  
  86  8:14  Zealot x3  
  86  8:19  Gateway  
  96  8:20  Observer  
  96  8:22  Gateway  
  96  8:23  Probe x3  
  100  8:27  Pylon  
  100  8:33  High Templar  
  100  8:34  High Templar  
  104  8:35  Probe x2  
  104  8:36  Probe  
  104  8:37  Archon  
  104  8:41  Pylon  
  107  8:47  Probe x2  
  106  8:48  Probe  
  107  8:59  Gateway  
  107  9:00  Zealot x2, High Templar x2  
  115  9:07  Zealot x2  
  119  9:11  Archon  
  119  9:12  Zealot  
  119  9:15  Pylon  
  121  9:34  Zealot x6  
  107  9:46  Zealot x2  
  107  9:47  Zealot  
  93  9:54  Zealot x3  

Tags
 
Add a new tag
Caveats
  • Supply blocks, unpowered buildings, or Contaminate may cause inaccurate times.
  • Supply counts are checked every 10 seconds.